 Dungeon Crawl Stone Soup version 0.26.0-16-gc1dbca0489 (webtiles) character file.

Game seed: 3614434540956084967

196 kaeus the Sneak (level 5, -4/31 HPs)
             Began as an Octopode Hedge Wizard on Jan 21, 2021.
             Was an Initiate of Sif Muna.
             Slain by Grinder (9 damage)
             ... while paralysed by Grinder
             ... on level 3 of the Dungeon on Jan 22, 2021.
             The game lasted 00:03:38 (3841 turns).

kaeus the Sneak (Octopode Hedge Wizard)             Turns: 3841, Time: 00:03:39

Health: -4/31      AC:  1    Str:  9    XL:     5   Next: 74%
Magic:  3/10       EV:  2    Int: 18    God:    Sif Muna [......]
Gold:   121        SH:  0    Dex: 11    Spells: 10/11 levels left

rFire    . . .     SeeInvis .   j - +0 dagger (venom)
rCold    . . .     Faith    .   (no shield)
rNeg     . . .     Spirit   .   b - +0 hat
rPois    .         Reflect  .   (no amulet)
rElec    .         Harm     .   l - ring of wizardry
rCorr    .         Rampage  .   (no ring)
Will     .....                  (no ring)
Stlth    +++.......             (no ring)
HPRegen  0.10/turn              (no ring)
MPRegen  0.12/turn              (no ring)
                                (no ring)
                                (no ring)

@: paralysed
A: almost no armour, stealthy swim, amphibious, 8 rings, constrict 8, camouflage
1, gelatinous body 1
a: Renounce Religion


You were on level 3 of the Dungeon.
You worshipped Sif Muna.
Sif Muna was noncommittal.
You visited 1 branch of the dungeon, and saw 3 of its levels.

You collected 121 gold pieces.

Inventory:

Hand Weapons
 j - a +0 dagger of venom (weapon)
 k - a +2 mace of holy wrath
Armour
 b - a +0 hat (worn)
Jewellery
 l - a ring of wizardry (left tentacle)
Wands
 i - a wand of flame (9)
Scrolls
 a - a scroll of amnesia {unknown}
 c - a scroll of teleportation {unknown}
 d - 2 scrolls of fog {unknown}
 f - 3 scrolls of remove curse {unknown}
 g - a scroll of identify {unknown}
 m - 2 scrolls of enchant armour {unknown}
Potions
 e - a potion of attraction {unknown}
 h - 3 potions of heal wounds {unknown}
 n - a potion of haste
 o - a potion of degeneration {unknown}


   Skills:
 + Level 2.9 Dodging
 + Level 4.2 Stealth
 + Level 3.5 Spellcasting
 + Level 2.2 Conjurations
 + Level 2.2 Summonings
 + Level 2.2 Translocations


You had 10 spell levels left.
You knew the following spells:

 Your Spells              Type           Power        Failure   Level
a - Magic Dart            Conj           44%          2%          1

Your spell library contained the following spells:

 Spells                   Type           Power        Failure   Level
 Blink                    Tloc           N/A          4%          2
 Call Imp                 Summ           11%          4%          2
 Slow                     Hex            3%           10%         2
 Conjure Flame            Conj/Fire      7%           12%         3
 Mephitic Cloud           Conj/Pois/Air  5%           14%         3


Dungeon Overview and Level Annotations

Branches:
Dungeon (3/15)

Altars:
Sif Muna
Trog
Wu Jian

Annotations:
D:3 Grinder


Innate Abilities, Weirdness & Mutations

You cannot wear most types of armour.
You are very stealthy in the water. (Stealth+)
You are amphibious.
You can wear up to eight rings at the same time.
You can use your tentacles to constrict eight enemies at once.
Your skin changes colour to match your surroundings (Stealth+).
Your rubbery body absorbs attacks. (AC +1, EV +1)


Message History

Press: ? - help, Shift-Dir - straight line, f/p - Grinder
Aim: Grinder (moderately wounded, fast, 0% to evade)
The magic dart hits Grinder.
Grinder is moderately wounded.
Grinder gestures at you. You resist with significant effort. Grinder hits you!
You take 8 damage, and have 12/31 hp.
MASSIVE DAMAGE!!
You now have 2/10 mp.
You hit Grinder but do no damage. Your grab misses Grinder.
Your squeeze misses Grinder.
Grinder is moderately wounded.
Grinder misses you.
You barely miss Grinder. You grab Grinder.
Grinder is moderately wounded.
You constrict Grinder. Grinder gestures at you.
You suddenly lose the ability to move!
You lose your grip on Grinder.
Grinder hits you!
* * * LOW HITPOINT WARNING * * *
Grinder hits you!
You die...

## ## # >. .. + .#
#. # .# #. .# #.
#.##.#.##.#
#....5....# #+#
#@# #.# #.# #.#
#.# ##.##
#.#########...##
#.#............#
#.#.######....##
#..[....##.#.#####
###.###.##)##.....
#.# #.......####


You could see Grinder (fast).

Vanquished Creatures
  Crazy Yiuf (D:2)
  Jessica (D:3)
  Natasha (D:3)
  A worker ant (D:2)
  4 adders (D:2)
  2 worms (D:2)
  A dart slug (D:2)
  An orc (D:3)
  7 bats
  4 giant cockroaches
  3 goblins
  4 hobgoblins
  6 jackals
  7 kobolds
  2 quokkas (D:2)
  3 frilled lizards
  4 rats
52 creatures vanquished.

Notes
Turn   | Place    | Note
-------+----------+-------------------------------------------
     0 | D:1      | kaeus the Octopode Hedge Wizard began the quest for the
                  | Orb.
     0 | D:1      | Reached XP level 1. HP: 11/11 MP: 4/4
   314 | D:1      | Reached XP level 2. HP: 13/17 MP: 3/6
   571 | D:1      | Reached skill level 3 in Stealth
  1222 | D:1      | Reached XP level 3. HP: 21/21 MP: 5/7
  1872 | D:2      | Found a shimmering blue altar of Sif Muna.
  1878 | D:2      | Became a worshipper of Sif Muna the Loreminder
  2032 | D:2      | Reached XP level 4. HP: 24/27 MP: 3/8
  2264 | D:2      | Found an ornate altar of the Wu Jian Council.
  2264 | D:2      | Found a bloodstained altar of Trog.
  3072 | D:2      | Found a runed translucent door.
  3073 | D:2      | Noticed Crazy Yiuf
  3105 | D:2      | Killed Crazy Yiuf
  3106 | D:2      | Reached skill level 4 in Stealth
  3106 | D:2      | Reached XP level 5. HP: 6/31 MP: 5/10
  3593 | D:3      | Noticed Jessica
  3597 | D:3      | Killed Jessica
  3791 | D:3      | Noticed Natasha
  3795 | D:3      | Killed Natasha
  3823 | D:3      | Noticed Grinder
  3831 | D:3      | Paralysed by Grinder for 3 turns
  3840 | D:3      | Paralysed by Grinder for 6 turns
  3841 | D:3      | Slain by Grinder

Illustrated notes

Levels and vault maps discovered:
D:1:      saegor_arrival_simple_c, layout_basic
D:2:      layout_loops_corners, chequers_temple_overflow_statue_of_worship,
          led_sif_pool, uniq_crazy_yiuf_cottage
D:3:      layout_loops_corners, uniq_robin, uniq_natasha, uniq_grinder,
          uniq_jessica

Skill      XL: |  1  2  3  4 |
---------------+-------------+-----
Stealth        | 3 4 |  4.2
Conjurations   | 2 |  2.2
Summonings     | 2 |  2.2
Translocations | 2 |  2.2
Dodging        | |  2.9
Spellcasting   | |  3.5

Action                   |  1- 3 |  4- 6 || total
-------------------------+-------+-------++-------
Melee: Dagger            |    40 |    41 ||    81
       Constrict         |     5 |     6 ||    11
       Tentacles         |     7 |     5 ||    12
 Cast: Magic Dart        |    54 |    79 ||   133
Armor: Skin              |     1 |     1 ||     2
Dodge: Dodged            |    38 |    18 ||    56
